 Dungeon Crawl Stone Soup version 0.32-a0-872-g59262bdc9b (webtiles) character file.

Game seed: 295305114525557715

240629 jasper the Slayer (level 19, -7/236 HPs)
             Began as an Oni Fighter on Mar 31, 2024.
             Was a High Priest of Okawaru.
             Killed from afar by an ironbound thunderhulk (54 damage)
             ... with a bolt of lightning
             ... on level 2 of the Vaults.
             The game lasted 00:56:58 (40670 turns).

jasper the Slayer (Oni Fighter)                    Turns: 40670, Time: 00:56:59

Health: -7/236     AC: 27    Str: 31    XL:     19   Next: 78%
Magic:  25/25      EV:  7    Int:  9    God:    Okawaru [*****.]
Gold:   2790       SH:  5    Dex:  8    Spells: 18/18 levels left

rFire   . . .        u - +9 giant spiked club (spect)
rCold   + . .        (shield currently unavailable)
rNeg    . . .        y - +1 shadow dragon scales of Barnacled the Good {rC+ Stlth++++}
rPois   +            (helmet restricted)
rElec   .            l - +2 cloak
rCorr   .            (gloves unavailable)
SInv    .            (boots unavailable)
Will    +....        O - amulet of reflection
Stlth   ++           s - ring of poison resistance
HPRegen 0.59/turn    F - +4 ring of protection
MPRegen 0.19/turn

%: reflection
@: no status effects
A: large, unfitting armour, horns 1, tough skin 1, double potion healing,
drunken brawling
}: 1/15 runes: decaying
a: Renounce Religion, Heroism, Finesse, Duel


You were on level 2 of the Vaults.
You worshipped Okawaru.
Okawaru was extremely pleased with you.
You visited 8 branches of the dungeon, and saw 33 of its levels.
You also visited: Trove and Wizlab.

You collected 3479 gold pieces.
You spent 689 gold pieces at shops.

Inventory:

Hand Weapons
 u - a +9 spectral giant spiked club (weapon)
 M - a +6 spectral giant spiked club
Missiles
 C - 9 boomerangs (quivered)
 G - 49 large rocks
 J - 11 curare-tipped darts
 Q - 14 javelins
 X - 14 silver javelins
Armour
 l - a +2 cloak (worn)
 y - the +1 shadow dragon scales of Barnacled the Good (worn) {rC+ Stlth++++}
   (Okawaru gifted it to you on level 1 of the Lair of Beasts)

   rC+:       It protects you from cold.
   Stlth++++: It makes you much more stealthy.
 B - a scarf of resistance
Jewellery
 k - a ring of flight
 s - a ring of poison resistance (left hand)
 w - a ring of magical power
 F - a +4 ring of protection (right hand)
 N - a ring of see invisible
 O - an amulet of reflection (around neck)
 Y - a ring of protection from cold
Wands
 A - a wand of polymorph (37)
 H - a wand of warping (28)
 I - a wand of quicksilver (10)
 P - a wand of mindburst (5)
 R - a wand of digging (6)
 T - a wand of flame (24)
Scrolls
 a - a scroll of fear
 c - 3 scrolls of poison
 d - 2 scrolls of fog
 e - 7 scrolls of teleportation
 i - a scroll of vulnerability
 m - 7 scrolls of amnesia
 n - 9 scrolls of revelation
 o - 6 scrolls of enchant armour
 r - 2 scrolls of immolation
 E - 28 scrolls of identify
 L - 2 scrolls of silence
 V - 2 scrolls of enchant weapon
 Z - a scroll of blinking
Potions
 b - a potion of berserk rage
 f - 3 potions of curing
 g - 4 potions of invisibility
 h - a potion of heal wounds
 j - a potion of resistance
 p - 5 potions of attraction
 q - 15 potions of ambrosia
 t - 4 potions of cancellation
 x - 3 potions of magic
 z - 2 potions of haste
 D - 6 potions of enlightenment
 K - 2 potions of might
 S - 4 potions of lignification
 U - 3 potions of brilliance
 W - 6 potions of mutation
Miscellaneous
 v - a lightning rod (1/4)


   Skills:
 + Level 24.6 Fighting
 - Level 22.0 Maces & Flails
 - Level 11.2 Throwing
 + Level 14.1 Armour
 - Level 2.6 Dodging
 - Level 2.6 Shields
 - Level 8.0 Invocations


You had 18 spell levels left.
You didn't know any spells.
Your spell library contained the following spells:

 Spells                   Type           Power      Damage    Failure   Level
 Apportation              Tloc           0%         N/A       78%         1
 Kiss of Death            Conj/Necr      0%         2d5       78%         1
 Magic Dart               Conj           0%         1d3       78%         1
 Necrotise                Necr           0%         1d4       78%         1
 Sandblast                Erth           0%         2d4       78%         1
 Shock                    Conj/Air       0%         1d3       78%         1
 Sting                    Conj/Alch      0%         1d3       78%         1
 Cigotuvi's Dreadful Rot  Necr/Alch/Air  0%         N/A       89%         2
 Mercury Vapours          Alch/Air       0%         N/A       89%         2
 Searing Ray              Conj           0%         2d4       89%         2
 Confusing Touch          Hex            0%         N/A       98%         3
 Fugue of the Fallen      Necr           0%         N/A       98%         3
 Inner Flame              Hex/Fire       0%         N/A       98%         3
 Ozocubu's Armour         Ice            0%         N/A       98%         3
 Stone Arrow              Conj/Erth      0%         3d7       98%         3
 Swiftness                Air            0%         N/A       98%         3
 Volatile Blastmotes      Fire/Tloc      0%         2d10      98%         3
 Airstrike                Air            0%         2d(0-16)  100%        4
 Brom's Barrelling Bould  Conj/Erth      0%         2d3       100%        4
 Dispel Undead            Necr           0%         3d6       100%        4
 Flame Wave               Conj/Fire      0%         2d4       100%        4
 Fulminant Prism          Conj/Alch      0%         3d5       100%        4
 Ignite Poison            Fire/Alch      0%         N/A       100%        4
 Iskenderun's Mystic Bla Conj/Tloc 0%             2d3        (+2d1     100%        4
 Leda's Liquefaction      Alch/Erth      0%         N/A       100%        4
 Passage of Golubria      Tloc           0%         N/A       100%        4
 Petrify                  Alch/Erth      0%         N/A       100%        4
 Sticky Flame             Fire/Alch      0%         2d4       100%        4
 Fireball                 Conj/Fire      0%         3d3       100%        5
 Freezing Cloud           Conj/Ice/Air   0%         6-21      100%        5
 Iskenderun's Battlesphe  Conj           0%         2d6       100%        5
 Metabolic Englaciation   Hex/Ice        0%         N/A       100%        5
 Silence                  Hex/Air        0%         N/A       100%        5
 Conjure Ball Lightning   Conj/Air       0%         3x3d6     100%        6
 Permafrost Eruption      Ice/Erth       0%         2x4d1     100%        6
 Manifold Assault         Tloc           0%         N/A       100%        7
 Orb of Destruction       Conj           0%         9d5       100%        7
 Lehudib's Crystal Spear  Conj/Erth      0%         10d2      100%        8
 Chain Lightning          Conj/Air       0%         N/A       100%        9
 Fire Storm               Conj/Fire      0%         5d1       100%        9
 Shatter                  Erth           0%         3d5*      100%        9
 Summon Small Mammal      Summ           Unusable   N/A       N/A         1

Dungeon Overview and Level Annotations

Branches:
Dungeon (15/15)            Temple (1/1) D:6            Lair (5/5) D:11
  Swamp (4/4) Lair:2       Spider (3/4) Lair:3        Slime (0/5) Lair:5
    Orc (2/2) D:9             Elf (0/3) Orc:2        Vaults (2/5) D:14
 Depths (1/4) D:15         WizLab (visited)
  Crypt: Vaults:2-3

Altars:
Ashenzari
Cheibriados
Dithmenos
Elyvilon
Fedhas
Gozag
Hepliaklqana
Kikubaaqudgha
Makhleb
Nemelex Xobeh
Okawaru
Qazlal
Ru
Sif Muna
Trog
Uskayaw
Vehumet
Wu Jian
Xom
Yredelemnul
Zin
The Shining One
Jiyva

Shops:
D:3 [   D:5 !   D:10 (   D:14 (   Orc:2 *[(=[

Annotations:
D:4 2 runed translucent doors, EvilEddieB's ghost, amateur DsNe
Swamp:4 exclusion: oklob plant


Innate Abilities, Weirdness & Mutations

You are too large for most types of armour.
You have a pair of small horns on your head.
You have tough skin. (AC +1)
You gain doubled healing and magic from potions.
Whenever you drink a healing potion, you attack all around you.


Message History

Electricity crackles from the ironbound thunderhulk's apparatus.
The bolt of lightning hits you!!!
You take 46 damage, and have 95/236 hp.
You crush the ironbound preserver like a grape!!!
You kill the ironbound preserver!
Okawaru accepts your kill.
Your +9 spectral giant spiked club disappears.
The deep troll bites you. You block the deep troll's attack.
The deep troll barely misses you.
The deep troll bites you but does no damage.
The deep troll claws you.
The deep troll claws you but does no damage.
The deep troll bites you but does no damage.
The deep troll claws you but does no damage.
The deep troll closely misses you. The deep troll bites you!
* * * LOW HITPOINT WARNING * * *
The deep troll claws you but does no damage. x2
You take 25 damage, and have 70/236 hp.
You closely miss the deep troll. You headbutt the deep troll.
The deep troll is lightly wounded.
Your +9 spectral giant spiked club hits the deep troll!!!
You kill the deep troll!
Okawaru accepts your kill.
The deep troll bites you but does no damage.
The deep troll claws you but does no damage. x2
The deep troll bites you!
* * * LOW HITPOINT WARNING * * *
The deep troll claws you but does no damage. x2
The deep troll bites you but does no damage.
The deep troll claws you!
* * * LOW HITPOINT WARNING * * *
The deep troll claws you but does no damage.
You take 23 damage, and have 47/236 hp.
You spit the deep troll like a pig!!! You headbutt the deep troll!
You kill the deep troll!
Okawaru accepts your kill.
Your +9 spectral giant spiked club disappears.
Electricity crackles from the ironbound thunderhulk's apparatus.
The bolt of lightning hits you!!!
You die...

#.........#
#.........#
#.........#
#.........#
#.........# ######
#.........# #.....###
#.........# ...T..).##
#.........#
...O..†@.###.........#
#
..###.T†T.##.........#
# ###...##.........###
#.c[.#.........#..
##c..'.........#..
#...#.........#..
#...#.........'..
#....#.........#..
#...##.........#..


You could see an ironbound thunderhulk, 3 deep trolls and 2 yaktaurs.

Vanquished Creatures
  Mara (Swamp:3)
  Bai Suzhen (Spider:3)
  Saint Roka (Orc:2)
  A Head Instructor (WizLab)
  Jorgrun (Lair:3)
  Asterion (Spider:1)
  A quicksilver dragon (WizLab)
  A tengu reaver (WizLab)
  A revenant (Vaults:2)
  A draconian knight (WizLab)
  An emperor scorpion (Spider:2)
  4 vault wardens
  A frost giant (Depths:1)
  2 ghouls (Swamp:4)
  4 ironbound preservers
  A stone giant (Depths:1)
  6 broodmothers
  4 ironbound thunderhulks
  4 eleionomae
  A vampire knight (WizLab)
  3 hydra skeletons (Swamp:4)
  2 spark wasps
  13 dire elephants
  3 bunyips
  A minotaur (Lair:1)
  The ghost of jlc4512 the Basher, a journeyman GrFi of Makhleb (Orc:2)
  An ettin (Orc:2)
  6 shambling mangroves (Swamp:4)
  2 entropy weavers
  4 yaktaur captains
  An entropy weaver (shapeshifter) (D:15)
  12 hydras
  A rakshasa (D:14)
  4 great orbs of eyes
  3 spriggan air magi (WizLab)
  3 catoblepae (Lair:5)
  5 alligators (Swamp:4)
  2 jorogumos (Spider:2)
  6 centaur warriors
  4 ironbound frosthearts
  A death knight (D:15)
  4 ogre magi
  15 two-headed ogres
  A radroach (Spider:1)
  A spriggan skeleton (Depths:1)
  8 boulder beetles
  3 demonic crawlers (Spider:2)
  17 death yaks
  A sphinx skeleton (D:15)
  3 occultists
  4 tengu warriors
  2 vampire magi
  An orc high priest (Orc:1)
  A hell knight (WizLab)
  2 skysharks (Lair:5)
  7 skeletal warriors (D:15)
  A storm dragon zombie (D:15)
  A salamander mystic (WizLab)
  4 pharaoh ants
  2 flayed ghosts (Swamp:4)
  4 goliath frogs
  A spark wasp zombie (D:15)
  7 glowing orange brains
  A deep troll (shapeshifter) (Vaults:2)
  9 deep trolls
  8 mana vipers (WizLab)
  4 spectral hydras (Swamp:4)
  An arcanist (D:13)
  8 spriggan druids
  A phantasmal warrior (Swamp:4)
  4 bog bodies
  5 orb spiders
  7 swamp dragons
  A lindwurm (shapeshifter) (Vaults:2)
  4 orc knights
  2 necromancers
  A harpy (shapeshifter) (D:13)
  3 steelbarb worms (Spider:2)
  4 orc sorcerers
  3 ugly things (D:15)
  2 frost giant zombies (Depths:1)
  5 ironbound convokers
  8 cyclopes
  A deep elf zephyrmancer (D:13)
  5 deep elf pyromancers
  6 elephants (Lair:4)
  4 vault sentinels
  11 wolf spiders
  5 manticores
  6 meliai
  4 will-o-the-wisps
  2 moths of wrath
  An ice statue (D:15)
  6 black mambas
  A kobold blastminer (Orc:2)
  2 gargoyles
  3 torpor snails
  A naga mage (WizLab)
  A rime drake (shapeshifter) (D:8)
  9 cane toads
  2 unseen horrors
  8 komodo dragons
  3 freezing wraiths
  16 yaktaurs
  Psyche (D:8)
  11 rime drakes
  8 tengu conjurers
  A queen bee (Lair:2)
  3 bloated husks
  5 tyrant leeches
  A queen bee (shapeshifter) (D:14)
  A polar bear (Lair:5)
  Prince Ribbit (D:6)
  14 trolls
  10 hornets
  18 tarantellas
  22 blink frogs
  A stone giant simulacrum (Depths:1)
  2 dream sheep (Lair:3)
  3 shadows
  8 culicivoras
  9 spriggans
  7 wyverns
  12 slime creatures
  20 jumping spiders
  A vampire (D:14)
  4 wraiths
  2 water elementals (D:15)
  69 yaks
  5 wargs
  11 basilisks
  25 redbacks
  13 vampire mosquitoes
  16 swamp worms
  4 acid dragons
  A hydra simulacrum (Swamp:4)
  13 water moccasins
  Duvessa (D:7)
  6 swamp drakes
  4 black bears
  20 orc warriors
  A swamp dragon zombie (Swamp:4)
  13 wolves
  20 ogres
  12 centaurs
  2 phantoms (D:6)
  2 gnoll sergeants
  2 kobold brigands
  3 scorpions
  13 bullfrogs
  3 wights (D:8)
  Dowan (D:7)
  27 killer bees
  4 howler monkeys
  5 electric eels
  A bombardier beetle (D:4)
  2 hounds (D:7)
  2 gnoll boudas
  10 orc priests
  7 jellies
  4 iguanas
  2 sleepcaps
  14 orc wizards
  10 hell rats (Lair:3)
  24 gnolls
  4 swamp drake zombies (Swamp:4)
  3 adders
  2 white imps
  2 ufetubi (D:6)
  3 dart slugs
  2 ribbon worms
  57 orcs
  3 ball pythons
  4 endoplasms
  2 giant cockroaches
  6 goblins
  12 hobgoblins
  3 jackals (D:2)
  5 quokkas
  4 bats
  4 frilled lizards
  11 kobolds
  9 rats
1057 creatures vanquished.

Vanquished Creatures (others)
  A bloated husk (Swamp:1)
  A tarantella (Spider:1)
  A water elemental (D:15)
  A swamp worm (Swamp:2)
  A bullfrog (D:8)
  An orc priest (Orc:2)
  An orc wizard (D:5)
  6 foxfires
  13 spectral weapons
26 creatures vanquished.

Grand Total: 1083 creatures vanquished

Notes
Turn   | Place    | Note
-------+----------+-------------------------------------------
     0 | D:1      | jasper the Oni Fighter began the quest for the Orb.
     0 | D:1      | Reached XP level 1. HP: 24/24 MP: 1/1
   105 | D:1      | Reached XP level 2. HP: 28/32 MP: 2/2
   231 | D:1      | Found a faded altar of an unknown god.
   633 | D:2      | Reached XP level 3. HP: 39/39 MP: 3/3
   761 | D:2      | Reached XP level 4. HP: 14/48 MP: 4/4
   768 | D:2      | HP: 2/48 [poisoned by a gnoll]
  1461 | D:3      | Found Erephill's Antique Armour Shop.
  2266 | D:4      | Reached XP level 5. HP: 29/55 MP: 5/5
  2473 | D:4      | Found a runed translucent door.
  2486 | D:4      | Noticed EvilEddieB's ghost (amateur DsNe)
  2562 | D:4      | Reached skill level 5 in Fighting
  2562 | D:4      | Reached skill level 5 in Maces & Flails
  2670 | D:4      | Reached XP level 6. HP: 35/66 MP: 6/6
  2772 | D:4      | Found a runed translucent door.
  2886 | D:4      | Reached skill level 6 in Fighting
  3100 | D:5      | Entered Level 5 of the Dungeon
  3241 | D:5      | Found the +4 robe of Augmentation {Str+4 Int+4 Dex+4}
  3246 | D:5      | Reached XP level 7. HP: 62/76 MP: 7/7
  3372 | D:5      | Reached skill level 7 in Fighting
  3794 | D:5      | Found Emad's Distillery.
  3804 | D:5      | Bought 2 potions of heal wounds for 110 gold pieces
  3804 | D:5      | Bought a potion of curing for 33 gold pieces
  3804 | D:5      | Bought a potion of curing for 33 gold pieces
  3814 | D:5      | Reached skill level 8 in Fighting
  4154 | D:6      | Reached XP level 8. HP: 74/89 MP: 8/8
  4246 | D:6      | Noticed Prince Ribbit
  4260 | D:6      | Killed Prince Ribbit
  4261 | D:6      | Reached skill level 9 in Fighting
  4752 | D:6      | Reached skill level 10 in Fighting
  4795 | D:6      | Found a staircase to the Ecumenical Temple.
  4808 | Temple   | Entered the Ecumenical Temple
  4828 | Temple   | Became a worshipper of Warmaster Okawaru
  4962 | D:7      | Reached XP level 9. HP: 101/102 MP: 9/9
  5157 | D:7      | Reached skill level 11 in Fighting
  5236 | D:7      | Reached * piety under Okawaru
  5629 | D:7      | Noticed Duvessa
  5629 | D:7      | Noticed Dowan
  5644 | D:7      | Killed Duvessa
  5645 | D:7      | Killed Dowan
  6316 | D:8      | Reached skill level 12 in Fighting
  6316 | D:8      | Reached skill level 10 in Maces & Flails
  6550 | D:8      | Reached ** piety under Okawaru
  6664 | D:8      | Reached XP level 10. HP: 117/118 MP: 10/10
  6677 | D:8      | Reached skill level 13 in Fighting
  6904 | D:8      | Noticed a centaur warrior
  6904 | D:8      | Noticed Psyche
  6911 | D:8      | Noticed a meliai
  6911 | D:8      | a meliai changed into a rime drake
  6921 | D:8      | Killed a centaur warrior
  6921 | D:8      | Reached *** piety under Okawaru
  6943 | D:8      | Killed Psyche
  6966 | D:8      | Reached skill level 14 in Fighting
  7060 | D:8      | Identified the +0 robe of Watchfulness {rPois rF+++ Will-
                  | Slay-5}
  7168 | D:8      | Noticed a cyclops
  7178 | D:8      | Killed a cyclops
  7178 | D:8      | Reached **** piety under Okawaru
  8067 | D:9      | Found an ornate altar of the Wu Jian Council.
  8068 | D:9      | Found a sacrificial altar of Ru.
  8068 | D:9      | Found a stormy altar of Qazlal.
  8068 | D:9      | Found a staircase to the Orcish Mines.
  8069 | D:9      | Found a shadowy altar of Dithmenos.
  8070 | D:9      | Found a sparkling altar of Nemelex Xobeh.
  8070 | D:9      | Found a shimmering blue altar of Sif Muna.
  8224 | D:9      | Found a glowing golden altar of the Shining One.
  8400 | D:9      | Reached XP level 11. HP: 125/131 MP: 9/11
  8618 | D:10     | Entered Level 10 of the Dungeon
  8690 | D:10     | Reached skill level 15 in Fighting
  8703 | D:10     | Noticed a two-headed ogre
  8720 | D:10     | Killed a two-headed ogre
  9194 | D:10     | Reached ***** piety under Okawaru
  9473 | D:10     | Noticed a manticore
  9481 | D:10     | Killed a manticore
  9654 | D:10     | Found Vamoc's Antique Weapon Shoppe.
  9739 | D:11     | Noticed a two-headed ogre
  9740 | D:11     | Noticed a cyclops
  9755 | D:11     | Killed a two-headed ogre
  9761 | D:11     | Killed a cyclops
  9939 | D:11     | Reached skill level 1 in Invocations
  9994 | D:11     | Found a staircase to the Lair.
 10015 | D:11     | Reached skill level 1 in Throwing
 10015 | D:11     | Reached skill level 1 in Armour
 10522 | D:11     | Noticed a two-headed ogre
 10528 | D:11     | Killed a two-headed ogre
 10554 | D:11     | Noticed a cyclops
 10566 | D:11     | Killed a cyclops
 10677 | D:11     | Reached XP level 12. HP: 118/141 MP: 10/15
 10877 | D:11     | Reached skill level 5 in Invocations
 10999 | D:11     | Received a gift from Okawaru
 11028 | D:11     | Noticed a tengu warrior
 11043 | D:11     | Killed a tengu warrior
 11303 | D:11     | Found a portal to a secret trove of treasure.
 11361 | Lair:1   | Entered Level 1 of the Lair of Beasts
 12087 | Lair:1   | Found a runed translucent door.
 12106 | Lair:1   | Noticed a boulder beetle
 12126 | Lair:1   | Killed a boulder beetle
 12615 | Lair:1   | Noticed a death yak
 12615 | Lair:1   | Noticed a death yak
 12615 | Lair:1   | Noticed a death yak
 12621 | Lair:1   | Noticed a death yak
 12622 | Lair:1   | Noticed a death yak
 12624 | Lair:1   | Killed a death yak
 12624 | Lair:1   | Reached ****** piety under Okawaru
 12628 | Lair:1   | Noticed a death yak
 12630 | Lair:1   | Killed a death yak
 12630 | Lair:1   | Received a gift from Okawaru
 12631 | Lair:1   | Reached skill level 16 in Fighting
 12636 | Lair:1   | Killed a death yak
 12642 | Lair:1   | Killed a death yak
 12645 | Lair:1   | Killed a death yak
 12650 | Lair:1   | Killed a death yak
 12651 | Lair:1   | Reached skill level 17 in Fighting
 12654 | Lair:1   | Acquired a +4 spectral giant spiked club
 12654 | Lair:1   | Received a gift from Okawaru
 12656 | Lair:1   | Acquired the +1 shadow dragon scales of Barnacled the Good
                  | {rC+ Stlth++++}
 12656 | Lair:1   | Received a gift from Okawaru
 12853 | Lair:1   | Reached XP level 13. HP: 76/156 MP: 13/19
 13359 | Lair:1   | Noticed a minotaur
 13378 | Lair:1   | Killed a minotaur
 13378 | Lair:1   | Received a gift from Okawaru
 13888 | Lair:2   | Reached skill level 15 in Maces & Flails
 15302 | Lair:2   | Found a staircase to the Swamp.
 15306 | Lair:2   | Received a gift from Okawaru
 15525 | Lair:3   | Found a hole to the Spider Nest.
 16237 | Lair:3   | Reached XP level 14. HP: 145/166 MP: 20/20
 16296 | Lair:3   | Received a gift from Okawaru
 17202 | Lair:4   | Received a gift from Okawaru
 17791 | Lair:5   | Entered Level 5 of the Lair of Beasts
 18452 | Lair:5   | Found a staircase to the Slime Pits.
 18572 | Lair:5   | Received a gift from Okawaru
 18747 | Lair:5   | Received a gift from Okawaru
 18792 | Lair:5   | Reached XP level 15. HP: 173/174 MP: 21/21
 18927 | Lair:5   | Found a viscous altar of Jiyva.
 19600 | Orc:1    | Entered Level 1 of the Orcish Mines
 19849 | Orc:2    | Entered Level 2 of the Orcish Mines
 19913 | Orc:2    | Noticed Saint Roka
 19935 | Orc:2    | Killed Saint Roka
 19935 | Orc:2    | Received a gift from Okawaru
 20433 | Orc:2    | Received a gift from Okawaru
 20914 | Orc:2    | Found Imnem's Armour Shoppe.
 20916 | Orc:2    | Found Fofoacw's Antique Weapon Shop.
 20924 | Orc:2    | Found Rowyuc's Jewellery Emporium.
 20925 | Orc:2    | Found Ecuina's Antique Armour Emporium.
 21013 | Orc:2    | Found a staircase to the Elven Halls.
 21383 | Orc:2    | Noticed jlc4512's ghost (journeyman GrFi)
 21401 | Orc:2    | Found a runed translucent door.
 21415 | Orc:2    | Found Taozaf's Assorted Antiques.
 21429 | Orc:2    | Bought a scroll of blinking for 135 gold pieces
 21429 | Orc:2    | Bought a potion of heal wounds for 90 gold pieces
 21429 | Orc:2    | Bought a scroll of identify for 36 gold pieces
 21429 | Orc:2    | Bought a notched jade ring for 90 gold pieces
 21429 | Orc:2    | Bought a scroll labelled PETAYZX DEYPET for 18 gold pieces
 21429 | Orc:2    | Bought a potion of cancellation for 144 gold pieces
 21741 | Orc:2    | Killed jlc4512's ghost
 23035 | D:13     | Reached skill level 5 in Throwing
 23038 | D:13     | Received a gift from Okawaru
 23220 | D:13     | Got the Directory of Combed Thunderclap
 23278 | D:13     | Got the Grimoire of Sand
 23725 | D:13     | Reached XP level 16. HP: 164/185 MP: 22/22
 23890 | D:13     | Reached skill level 5 in Armour
 24384 | D:14     | Reached skill level 18 in Fighting
 24544 | D:14     | Found a gate to the Vaults.
 24940 | D:14     | Found Ziuragy's Weapon Shop.
 25102 | D:15     | Entered Level 15 of the Dungeon
 25156 | D:15     | Received a gift from Okawaru
 25221 | D:15     | Received a gift from Okawaru
 25607 | D:15     | Found a staircase to the Depths.
 25657 | D:15     | Reached skill level 19 in Fighting
 26423 | D:15     | Identified the +1 scale mail of Uguth {rElec rF++ Str-2}
 26430 | D:15     | Received a gift from Okawaru
 26715 | Swamp:1  | Entered Level 1 of the Swamp
 27776 | Swamp:2  | Reached XP level 17. HP: 197/198 MP: 23/23
 28236 | Swamp:3  | Noticed Mara
 28469 | Swamp:3  | Killed Mara
 28479 | Swamp:3  | Received a gift from Okawaru
 28610 | Swamp:3  | Reached skill level 20 in Fighting
 29323 | Swamp:4  | Entered Level 4 of the Swamp
 30123 | Swamp:4  | Identified the +6 rapier of Woe {freeze, MP+9}
 30140 | Swamp:4  | Received a gift from Okawaru
 30495 | Swamp:4  | Reached skill level 10 in Throwing
 30867 | Swamp:4  | Found a basalt altar of Yredelemnul.
 30884 | Swamp:4  | Got a decaying rune of Zot
 30930 | Swamp:4  | Found a blossoming altar of Fedhas.
 30937 | Swamp:4  | Received a gift from Okawaru
 31445 | Spider:1 | Entered Level 1 of the Spider Nest
 31447 | Spider:1 | Noticed Asterion
 31450 | Spider:1 | Noticed Jorgrun
 31464 | Lair:3   | Killed Jorgrun
 31465 | Lair:3   | Reached skill level 21 in Fighting
 31465 | Lair:3   | Reached skill level 10 in Armour
 31480 | Spider:1 | Killed Asterion
 31938 | Spider:1 | Reached XP level 18. HP: 144/215 MP: 24/24
 32641 | Spider:2 | Received a gift from Okawaru
 34133 | Spider:3 | Reached skill level 22 in Fighting
 34141 | Spider:3 | Received a gift from Okawaru
 34565 | Spider:3 | Noticed Bai Suzhen
 34577 | Spider:3 | Killed Bai Suzhen
 35043 | D:11     | You paid a toll of 14 potions of curing to enter a treasure
                  | trove
 35044 | Trove    | Entered a treasure trove
 35148 | Trove    | Identified the +7 giant club "Tuxkeasch" {freeze, rC- Int+2
                  | Dex+7 SInv}
 35165 | Trove    | Identified the +10 broad axe of Ogidu {speed, Int+2 Dex+2
                  | SInv}
 35308 | Depths:1 | Entered Level 1 of the Depths
 35408 | Depths:1 | Received a gift from Okawaru
 35853 | Vaults:1 | Entered Level 1 of the Vaults
 36343 | Vaults:1 | Found a magical portal.
 36397 | WizLab   | Entered Yara's Duelist Academy
 36419 | WizLab   | Noticed a quicksilver dragon
 36430 | WizLab   | Killed a quicksilver dragon
 36430 | WizLab   | Received a gift from Okawaru
 36431 | WizLab   | Reached skill level 23 in Fighting
 36436 | WizLab   | HP: 6/222 [spriggan air mage/bolt of lightning (18)]
 36444 | WizLab   | Reached XP level 19. HP: 36/231 MP: 0/25
 36815 | WizLab   | Paralysed by a vampire knight for 2 turns
 36877 | WizLab   | Noticed Faeck
 36887 | WizLab   | Killed Faeck the Head Instructor
 37698 | Vaults:1 | Received a gift from Okawaru
 39152 | Vaults:2 | Received a gift from Okawaru
 39165 | Vaults:2 | Reached skill level 24 in Fighting
 39821 | Vaults:2 | Received a gift from Okawaru
 40207 | Vaults:2 | Identified the +5 great sword of the Special Olives
                  | {freeze, Will+ Stlth+}
 40670 | Vaults:2 | Killed from afar by an ironbound thunderhulk

Illustrated notes

Levels and vault maps discovered:
D:1:      roderic_chinese_lattice_arrival, layout_rooms,
          ebering_ecumenical_altar_sacrificial
D:2:      layout_basic
D:3:      layout_basic, serial_shops, nicolae_shop_waterfront,
          grunt_ministairs_13
D:4:      layout_basic, ebering_ghost_sewer_f, bh_walls_and_bars
D:5:      layout_basic, serial_shops, shop
D:6:      layout_loops_ring, minmay_temple_entry_nine_rooms, uniq_prince_ribbit1
D:7:      dreamdust_elfheim, layout_basic, serial_glass, glass_columns_a,
          glass_columns_b, glass_columns_c, glass_columns_b
D:8:      wad_statue_garden, layout_cave_pools, uniq_psyche
D:9:      layout_loops_cross, grunt_temple_overflow_open,
          mainiacjoe_overflow_24_doors, orc_0_dummy, grunt_decor_resistance,
          chequers_serial_rivers_large_a, glass_columns_b
D:10:     layout_gridville, serial_shops, nicolae_shop_behind_doors,
          grunt_decor_fettered
D:11:     layout_gridville, erik_lair_orcish_takeover, trove_entry_hex_spiral
D:12:     layout_gridville
D:13:     layout_loops_ring, bh_hangedman_babel_library
D:14:     layout_grid_maze, skrybe_vaults_entry_preservation,
          serial_bayou_pond_e, serial_shops, kennysheep_mini
D:15:     gammafunk_depths_entry_grave, layout_basic, minmay_misc_feat_pillars,
          minivault_16, minmay_bent
Temple:   nicolae_temple_bog_church
Lair:1:   dreamdust_labyrinth, layout_gridlike, nzn_sisyphean_effort
Lair:2:   layout_gridlike, nicolae_swamp_entry_splash_gauntlet, special_room
          [special_room_bee], amcnicky_mini_pool_medium, lemuel_fruit_fields,
          lemuel_fruit_tree
Lair:3:   layout_cave_pods, dummy_spider_entry, special_room
          [special_room_mythical_zoo]
Lair:4:   layout_loops_ring
Lair:5:   evilmike_catoblepas_cave, layout_cave_pods,
          nicolae_slime_entry_field_trip, serial_bayou_shore_b,
          lemuel_fruit_fields
Swamp:1:  layout_falls_marsh, evilmike_swamp_ruin_house_3, swamp_pool_5,
          nicolae_swamp_tree_isthmus
Swamp:2:  layout_basic_swamp, evilmike_swamp_ruin_house_1
Swamp:3:  layout_basic_swamp, evilmike_swamp_ruin_house_5, uniq_mara
Swamp:4:  byrel_swamp_growth_death_and_undeath, layout_basic_swamp
Spider:1: layout_spider_delve, uniq_jorgrun, uniq_asterion
Spider:2: layout_spider_delve
Spider:3: nicolae_spider_brood_tunnel, uniq_bai_suzhen
Orc:1:    layout_caves
Orc:2:    st_orc_open, layout_caves, hellmonk_ghost_happy_afterlife,
          serial_shops, nicolae_shop_window_shopping, uniq_saint_roka
Vaults:1: infiniplex_enter_wizlab_water, v_misc_23,
          nicolae_vaults_trapezoid_layered, nicolae_vaults_little_ls, v_misc_3,
          nicolae_vaults_steering_wheel, serial_library_hellmonk_open_square,
          vaults_room_door_ring, v_misc_10, vaults_room_semicircle,
          layout_vaults_omnigrid
Vaults:2: nicolae_vaults_diagonal_hallway_6, hangedman_surveillance_ring,
          hangedman_vaults_pinch, v_misc_4, nicolae_vaults_stairing_the_circle,
          nicolae_vaults_heart-shaped_vault, dpeg_vaults_monster_box,
          nicolae_vaults_trapezoid_lopsided_3, v_misc_19, hangedman_vaults_trim,
          nicolae_vaults_variable_pillar_hall, minmay_crypt_entry_simple_walls,
          layout_vaults_omnicross
Depths:1: layout_basic, enter_ziggurat_c, nicolae_uskayaw_en_pointe, hell_entry,
          nemelex_xobeh_ov_fountains_minmay

Skill      XL: |  1  2  3  4  5  6  7  8  9 10 11 12 13 14 15 16 17 18 19 |
---------------+----------------------------------------------------------+-----
Maces & Flails | 3 4 5 6 7 8 10 12 14 17 20 22 | 22.0
Fighting       | 5 6 8 10 12 14 15 17 19 21 23 24 | 24.6
Invocations    | 4 8 |  8.0
Throwing       | 2 4 5 8 10 11 | 11.2
Armour         | 2 4 7 10 12 14 | 14.1
Dodging        | |  2.6
Shields        | |  2.6

Action                     |  1- 3 |  4- 6 |  7- 9 | 10-12 | 13-15 | 16-18 | 19-21 || total
---------------------------+-------+-------+-------+-------+-------+-------+-------++-------
  Melee: Flail             |    45 |     1 |    27 |   454 |   342 |       |       ||   869
         Headbutt          |     4 |    18 |    56 |   121 |   180 |   160 |    57 ||   596
         Spear             |       |   101 |   260 |    62 |       |       |       ||   423
         Unarmed           |       |       |       |    31 |       |       |       ||    31
         Giant spiked club |       |       |       |       |   498 |   693 |   195 ||  1386
  Throw: Boomerang         |    33 |    11 |       |       |    46 |   141 |    11 ||   242
         Dart              |       |    16 |    19 |    30 |    15 |       |       ||    80
         Large rock        |       |       |       |     3 |       |     8 |       ||    11
 Invoke: Heroism           |       |       |       |     8 |     5 |     2 |     1 ||    16
         Receive Weapon    |       |       |       |     1 |       |       |       ||     1
         Receive Armour    |       |       |       |     1 |       |       |       ||     1
         Finesse           |       |       |       |       |     5 |     6 |     2 ||    13
  Evoke: Wand              |       |       |       |     3 |       |     2 |       ||     5
         Lightning rod     |       |       |       |       |     3 |     4 |     3 ||    10
    Use: Potion            |     1 |       |     1 |     2 |     5 |    10 |     1 ||    20
         Scroll            |       |    14 |     7 |     3 |    16 |     5 |     1 ||    46
   Stab: Invisible         |       |       |       |    11 |       |       |       ||    11
         Sleeping          |       |       |       |       |     2 |     1 |     1 ||     4
         Distracted        |       |       |       |       |     3 |     6 |     2 ||    11
 Armour: Robe              |    39 |    47 |   242 |   369 |       |       |       ||   697
         Skin              |       |       |       |     9 |       |       |       ||     9
         Shadow dragon sca |       |       |       |    11 |  1038 |   958 |   241 ||  2248
  Dodge: Dodged            |    14 |    23 |    94 |   183 |   263 |   223 |    45 ||   845
  Block: Kite shield       |    28 |    24 |   146 |   192 |   259 |       |       ||   649
         Other             |       |       |       |       |    68 |   127 |    25 ||   220
         Reflection        |       |       |       |       |     6 |     7 |     4 ||    17

Table legend: (Time is in decaauts)
 A = Elapsed time spent in this place.
 B = Non-inter-level travel time spent in this place.
 C = Inter-level travel time spent in this place.
 D = Time resting spent in this place.
 E = Time spent auto-exploring this place.
 F = Levels seen in this place.
 G = Mean time per level.
                   A        B        C        D        E       F      G
               +--------+--------+--------+--------+--------+-----+--------+
         Total |  40153 |  38210 |   1943 |   6139 |  25833 |  35 | 1147.2 |
       Dungeon |  16249 |  15295 |    954 |   1034 |  11582 |  15 | 1083.3 |
        Temple |     40 |      2 |     38 |      0 |      0 |   1 |   40.0 |
          Lair |   8442 |   8011 |    431 |   1054 |   5453 |   5 | 1688.4 |
         Swamp |   4579 |   4339 |    240 |   1744 |   1942 |   4 | 1144.8 |
   Spider Nest |   3109 |   2991 |    118 |    584 |   1978 |   3 | 1036.3 |
  Orcish Mines |   2767 |   2641 |    126 |    946 |   1321 |   2 | 1383.5 |
        Vaults |   3779 |   3746 |     33 |    387 |   3030 |   2 | 1889.5 |
        Depths |    107 |    107 |      0 |     58 |      0 |   1 |  107.0 |
         Trove |    128 |    128 |      0 |      0 |     99 |   1 |  128.0 |
        Wizlab |    948 |    948 |      0 |    330 |    428 |   1 |  948.0 |
               +--------+--------+--------+--------+--------+-----+--------+

Top non-repeatable levels by time:
  Lair:1: 2294 daAuts
   Orc:2: 2122 daAuts
Vaults:1: 1990 daAuts
  Lair:2: 1888 daAuts
    D:15: 1862 daAuts
Vaults:2: 1789 daAuts
    D:11: 1779 daAuts
  Lair:3: 1775 daAuts
  Lair:5: 1626 daAuts
Spider:2: 1574 daAuts
 Swamp:4: 1560 daAuts
     D:8: 1359 daAuts
     D:7: 1342 daAuts
 Swamp:3: 1222 daAuts
    D:14: 1207 daAuts
